Unix NetHack Version 3.7.0-86 Work-in-progress - last build May 30 2023 01:50:43 (cc98dc9aa62a9957b082a042edf5bd7ec9f632c7,branch:master). Game began 2023-06-08 11:38:03, ended 2023-06-08 12:06:34. xororand, neutral male human Priest -------- |....... | |....{....------------- --------- {....| -.............?.....------------ -------- ......>.........- -...!.........................--------- ..........................- -.=...............................................................- -.....................................[.......................[S- --..........oddo....e.............i.........u..........).....S.-- --.........o@...@...@.....k...:...................q.i..S:..k.-- -.........@o..@........................o............i....?..- -.........?:........%..............................i..........- -...............................................................- -.........@........................................@..............- -.............................--------- ..<.........................- -...................------------ ---------- ..........!......- ....{....------------- ---------- ..{....| |........ )| --------- -- Xororand the Acolyte St:9 Dx:16 Co:13 In:11 Wi:18 Ch:10 Neutral S:1336 Dlvl:10 $:300 HP:0(34) Pw:29(29) AC:6 Xp:4/139 T:3109 Blind Latest messages: The wolf starts to attack you, but pulls back. The hill orc starts to attack you, but pulls back. The large kobold picks up 2 gems. The wolf starts to attack you, but pulls back. The wolf starts to attack you, but pulls back. The hill orc starts to attack you, but pulls back. The hill orc starts to attack you, but pulls back. The Green-elf starts to attack you, but pulls back. The wolf starts to attack you, but pulls back. The wolf starts to attack you, but pulls back. The hill orc starts to attack you, but pulls back. The hill orc starts to attack you, but pulls back. The werejackal picks up a gem. The Green-elf starts to attack you, but pulls back. The yellow light starts to attack you, but pulls back. You finish your prayer. You feel that Mog is well-pleased. You feel much better. What do you want to read? [ijlrwL-NPQU-W or ?*] ? As you read the scroll, it disappears. You have found a scroll of stinking cloud! Where do you want to center the cloud? (For instructions type a '?') The scroll crumbles with a whiff of rotten eggs. The wolf bites! The wolf bites! The hill orc swings his curved sword. The hill orc hits! The werejackal picks up 2 food rations. The Green-elf shoots 2 runed arrows! The 1st runed arrow hits the Green-elf. The 2nd runed arrow hits the Green-elf. The Green-elf swings his runed broadsword. The Green-elf hits! The yellow light explodes! You are blinded by a blast of light! What do you want to read? [ilrwL-NPQU-W or ?*] ? What do you want to read? [ilrwL-NPQU-W or ?*] Never mind. What do you want to drink? [dkqGZ or ?*] ? You feel self-knowledgeable... The feeling subsides. The wolf bites! The wolf bites! You die... Do you want your possessions identified? [ynq] (y) n Do you want to see your attributes? [ynq] (y) n Do you want an account of creatures vanquished? [ynaq] (y) n Do you want to see your conduct and achievements? [ynq] (y) n Do you want to see the dungeon overview? [ynq] (y) n Inventory: Coins $ - 300 gold pieces Weapons F - 7 +0 darts E - 10 +0 shuriken a - a blessed +1 mace (weapon in hand) Armor y - a +0 pair of water walking boots (being worn) c - a +0 small shield (being worn) b - a +0 robe (being worn) Comestibles e - a clove of garlic A - a food ration f - a sprig of wolfsbane o - a tripe ration p - a lichen corpse Scrolls W - a scroll of blank paper L - a scroll of confuse monster V - a scroll of destroy armor i - a scroll of food detection w - a scroll of genocide M - a scroll of identify l - a scroll of light U - a cursed scroll of light N - a scroll of remove curse r - a scroll of taming P - a scroll of teleportation Spellbooks Q - a cursed spellbook of cure blindness Potions k - a potion of gain ability G - a potion of levitation q - a potion of oil d - a potion of holy water Wands B - a wand of secret door detection (0:14) J - a wand of slow monster (0:1) Tools x - a lock pick Gems/Stones t - a worthless piece of green glass K - a worthless piece of violet glass u - a worthless piece of yellow glass m - 3 worthless pieces of yellowish brown glass Xororand the Priest's attributes: Background: You were an Acolyte, a level 4 human Priest. You were neutral, on a mission for Mog who was opposed by Issek (lawful) and Kos (chaotic). You were in the Dungeons of Doom, on level 10. You entered the dungeon 3109 turns ago. You had 139 experience points, 21 more were needed to attain level 5. Your score was 1336 before end-of-game adjustments. Basics: You had 0 out of 34 hit points. You had all 29 energy points (spell power). Your armor class was 6. Your wallet contained 300 zorkmids. Autopickup was off. Final Characteristics: Your strength was 9 (limit:18/100). Your dexterity was 16 (limit:18). Your constitution was 13 (limit:18). Your intelligence was 11 (limit:18). Your wisdom was 18 (limit:18). Your charisma was 10 (limit:18). Final Status: You were temporarily blind. You were not hungry. You were unencumbered. You were wielding a mace. You had basic skill with mace. Final Attributes: You were piously aligned. You were telepathic. You could walk on water. You were guarded. You are dead. Miscellaneous: You encountered 1 bones level. Total elapsed playing time was 28 minutes and 31 seconds. Major events: Turn 1: xororand the neutral human Priest entered the dungeon 1454: attained the rank of Acolyte (level 3) 3100: entered the Bigroom 3109: killed by a wolf Vanquished creatures: a small mimic a white unicorn a rock piercer a yellow light a shrieker a gray ooze a paper golem 4 rothes 2 orc zombies a dwarf zombie a wererat a manes a large kobold 2 gnome zombies 3 geckos 5 jackals a kobold a goblin a sewer rat 3 grid bugs 3 lichens 3 kobold zombies 4 newts 43 creatures vanquished. No species were genocided or became extinct. Voluntary challenges: You read items or engraved 7 times. You never engraved Elbereth. You never genocided any monsters. You never polymorphed an object. You never changed form. You used no wishes. Achievements: You entered a shop. You attained the rank of Acolyte. You entered the Big Room. The Dungeons of Doom: levels 1 to 10 Level 1: Level 2: An altar. Level 3: Level 4: A weapon shop, some graves. Level 5: A general store, an altar, a fountain. Level 6: A fountain. Final resting place for Raisse-Wiz-Gno-Fem-Neu, killed by a white unicorn. Level 7: Level 10: <- You were here. Many fountains. A very big room. Final resting place for you, killed by a wolf. Game over: ---------- / \ / REST \ / IN \ / PEACE \ / \ | xororand | | 300 Au | | killed by a wolf | | | | | | | | 2023 | *| * * * | * _________)/\\_//(\/(/\)/\//\/|_)_______ Goodbye xororand the Priest... You died in The Dungeons of Doom on dungeon level 10 with 1306 points, and 300 pieces of gold, after 3109 moves. You were level 4 with a maximum of 34 hit points when you died.